Map: Habitation Station LE (Void)

Players

swiftjab

  • Race: Terran Terran
  • League: Gold
  • Spawn Location: 1:00

Fropez - Winner!

  • Race: Protoss Protoss
  • League: Gold
  • Spawn Location: 11:00

VOD

Have the link to the VOD?

Description

Time

  • Played on: Jan. 14, 2017, 11:28 a.m.
  • Length: 9:42
Show
View Real Time Build Order
Export as new Build Order

swiftjab Terran 

Build Orders: MMM Bio 

Get SALT Encoding   

  12  0:00  SCV  
  13  0:15  Supply Depot  
  13  0:18  SCV  
  14  0:31  SCV  
  15  0:38  Barracks  
  15  0:50  Refinery  
  15  0:52  SCV  
  15  0:56  Refinery  
  16  1:04  SCV  
  17  1:16  SCV  
  18  1:27  Supply Depot  
  18  1:28  SCV  
  19  1:39  Reaper  
  20  1:42  Orbital Command  
  20  1:51  Barracks  
  20  2:08  SCV  
  21  2:14  Barracks  
  21  2:20  SCV  
  22  2:24  Barracks Tech Lab  
  22  2:32  SCV  
  24  2:44  SCV  
  24  2:53  Marine  
  24  2:54  Marauder  
  24  2:56  SCV  
  28  3:06  Marine  
  28  3:08  SCV  
  28  3:11  Marine  
  31  3:24  Marine  
  31  3:32  Marine, SCV, Supply Depot, Marauder  
  31  3:33  Supply Depot  
  35  3:41  Supply Depot  
  35  3:42  Marine  
  36  3:48  Stimpack  
  36  3:50  Marine  
  36  3:54  Marauder  
  39  3:59  Marine  
  40  4:08  Marine  
  41  4:10  SCV  
  41  4:15  Marine  
  43  4:17  Marine  
  44  4:25  Marine  
  45  4:33  Marauder, Command Center  
  45  4:35  Marine, SCV  
  47  4:47  SCV  
  48  4:54  Marauder  
  48  4:56  Marine x2  
  50  5:13  Marine  
  50  5:14  Marine  
  51  5:16  Marauder  
  54  5:22  SCV  
  55  5:31  Marine x2  
  55  5:32  Factory  
  57  5:37  Marauder  
  57  5:40  SCV  
  60  5:49  Marine x2, Concussive Shells  
  60  5:52  SCV  
  59  5:59  Marauder  
  54  6:04  SCV  
  54  6:07  Marine x2  
  42  6:16  SCV  
  33  6:20  Marauder  
  33  6:25  Marine x2  
  36  6:28  SCV  
  36  6:32  Combat Shields  
  37  6:40  SCV  
  37  6:41  Marine  
  37  6:43  Marine x2  
  41  6:53  SCV  
  40  6:59  Marauder  
  40  7:00  Marine  
  40  7:01  Marine  
  36  7:16  SCV  
  36  7:18  Marine x2  
  36  7:20  Marine  
  34  7:28  SCV  
  31  7:36  Marine x2  
  32  7:38  Marauder  
  32  7:40  SCV  
  29  7:52  SCV  
  29  7:54  Marine x2  
  31  7:59  Marine  
  31  8:04  SCV  
  30  8:12  Marine x2  
  31  8:15  Widow Mine  
  31  8:16  SCV  
  31  8:18  Marauder  
  31  8:19  SCV  
  28  8:29  Marine  
  28  8:30  Marine  
  26  8:39  Marauder  
  27  8:47  Marine x2  
  29  8:48  SCV  
  29  8:50  Refinery  
  29  8:52  Refinery  
  30  9:00  Marine  
  31  9:05  Marine x2  
  31  9:07  Factory Tech Lab  
  33  9:13  SCV  
  33  9:18  Marine  
  33  9:23  Marine x2  
  36  9:27  SCV  
Show
View Real Time Build Order
Export as new Build Order

Fropez Protoss - Winner!

Build Orders:  

Get SALT Encoding   

  12  0:01  Probe (Chrono Boost)  
  13  0:11  Probe (Chrono Boost)  
  14  0:21  Pylon  
  14  0:22  Probe (Chrono Boost)  
  15  0:39  Probe (Chrono Boost)  
  16  0:47  Gateway  
  17  0:50  Probe (Chrono Boost)  
  17  0:52  Assimilator  
  17  1:00  Probe (Chrono Boost)  
  18  1:14  Probe (Chrono Boost)  
  19  1:24  Assimilator  
  19  1:40  Zealot  
  19  1:41  Probe (Chrono Boost)  
  22  1:51  Nexus  
  22  1:54  Cybernetics Core  
  22  1:57  Probe (Chrono Boost)  
  23  2:20  Warp Gate  
  23  2:30  Pylon  
  23  2:40  Assimilator  
  23  2:48  Adept  
  27  2:52  Mothership Core (Chrono Boost)  
  27  2:55  Gateway  
  27  3:11  Pylon, Probe (Chrono Boost)  
  27  3:17  Probe (Chrono Boost)  
  28  3:24  Probe (Chrono Boost)  
  29  3:28  Adept, Probe (Chrono Boost)  
  32  3:36  Probe (Chrono Boost)  
  32  3:39  Probe (Chrono Boost)  
  32  3:41  Robotics Facility  
  34  3:46  Twilight Council  
  34  3:48  Adept, Probe (Chrono Boost)  
  37  3:52  Assimilator  
  37  3:55  Adept  
  38  3:58  Probe (Chrono Boost)  
  38  4:01  Probe (Chrono Boost)  
  40  4:10  Resonating Glaives  
  40  4:13  Probe (Chrono Boost)  
  40  4:16  Pylon  
  39  4:21  Probe (Chrono Boost)  
  41  4:25  Probe (Chrono Boost)  
  41  4:28  Warp Prism  
  43  4:36  Adept  
  43  5:03  Adept x2  
  47  5:08  Assimilator  
  47  5:09  Probe (Chrono Boost)  
  47  5:10  Probe (Chrono Boost)  
  47  5:12  Pylon  
  49  5:17  Gateway  
  49  5:27  Adept x2, Gateway  
  53  5:48  Adept x2  
  55  6:10  Zealot x2  
  41  6:21  Probe (Chrono Boost)  
  41  6:22  Probe (Chrono Boost)  
  41  6:32  Adept x2  
  37  6:56  Adept  
  37  6:57  Adept  
  35  7:17  Dark Shrine  
  35  7:18  Pylon  
  35  7:20  Pylon  
  33  7:23  Probe (Chrono Boost)  
  33  7:24  Probe (Chrono Boost)  
  34  7:40  Nexus  
  32  7:50  Adept  
  32  7:51  Adept x3  
  38  7:54  Probe (Chrono Boost)  
  38  7:56  Probe (Chrono Boost)  
  38  7:58  Observer  
  43  8:03  Pylon  
  43  8:04  Pylon  
  43  8:08  Probe (Chrono Boost)  
  43  8:10  Pylon  
  42  8:19  Adept  
  42  8:20  Adept x3  
  42  8:37  Probe (Chrono Boost)  
  42  8:39  Probe (Chrono Boost), Assimilator  
  44  8:41  Assimilator  
  44  8:49  Dark Templar x2  
  44  8:50  Dark Templar x2  
  44  8:53  Probe x2 (Chrono Boost)  
  44  8:54  Probe (Chrono Boost)  
  55  9:02  Observer  
  56  9:03  Probe (Chrono Boost)  
Tags
 
Composition
MMM Bio
League
GoldGold
Matchup
PvT
Replay Pack
All Mines
Spawn Locations
Close Positions
Add a new tag
Caveats
  • Supply blocks, unpowered buildings, or Contaminate may cause inaccurate times.
  • Supply counts are checked every 10 seconds.